 Dungeon Crawl Stone Soup version 0.30-a0-313-gae38170b09 (webtiles) character file.

Game seed: 14679944940927507910

1636 Pooter the Cleaver (level 8, 0/73 HPs)
             Began as a Minotaur Berserker on Oct 27, 2022.
             Was a Priest of Trog.
             Slain by a vampire (8 damage)
             ... on level 6 of the Dungeon.
             The game lasted 00:19:02 (4461 turns).

Pooter the Cleaver (Minotaur Berserker)             Turns: 4461, Time: 00:19:03

Health: 0/73       AC: 10    Str: 24    XL:     8   Next: 66%
Magic:  7/7        EV:  8    Int:  4    God:    Trog [***...]
Gold:   211        SH:  0    Dex: 10    Spells: 7/7 levels left

rFire   . . .      SeeInvis +    a - +0 war axe (freeze)
rCold   . . .      Faith    .    (no shield)
rNeg    . . .      Spirit   .    m - +0 chain mail
rPois   .          Reflect  .    (helmet restricted)
rElec   .          Harm     .    p - +1 cloak
rCorr   .          Rampage  .    (no gloves)
Will    ++...                    (no boots)
Stlth   ..........               (no amulet)
HPRegen 1.32/turn                S - ring of see invisible
MPRegen 0.10/turn                (no ring)

@: strong-willed, on berserk cooldown, regenerating, slowed, very slow
A: horns 2, retaliatory headbutt
a: Renounce Religion, Berserk, Trog's Hand


You were on level 6 of the Dungeon.
You worshipped Trog.
Trog was most pleased with you.
You visited 1 branch of the dungeon, and saw 6 of its levels.

You collected 211 gold pieces.

Inventory:

Hand Weapons
 a - a +0 war axe of freezing (weapon)
   (You took it off an orc on level 4 of the Dungeon)
 b - a +0 sling
   (You found it on level 2 of the Dungeon)
 y - a +0 trident
   (You found it on level 6 of the Dungeon)
Missiles
 o - a throwing net {!f}
 t - 7 boomerangs (quivered)
 Q - 46 stones
Armour
 m - a +0 chain mail (worn)
   (You took it off an orc priest on level 3 of the Dungeon)
 p - a +1 cloak (worn)
   (You found it on level 2 of the Dungeon)
Jewellery
 S - a ring of see invisible (left hand)
   (You found it on level 2 of the Dungeon)
Wands
 d - a wand of iceblast (12)
   (You took it off an orc on level 4 of the Dungeon)
 f - a wand of flame (6)
   (You took it off Grinder on level 6 of the Dungeon)
 r - a wand of mindburst (14)
   (You found it on level 5 of the Dungeon)
Scrolls
 g - a scroll of fog {unknown}
 i - 2 scrolls of teleportation {unknown}
 k - a scroll of fear
 l - a scroll of blinking
 s - a scroll of magic mapping
 x - a scroll of silence {unknown}
Potions
 c - 2 potions of lignification {unknown}
 e - a potion of mutation {unknown}
 h - 2 potions of curing {@q1}
 n - 3 potions of flight
 q - 3 potions of heal wounds {unknown}
 u - a potion of brilliance {unknown}
 v - 2 potions of ambrosia {unknown}
 w - a potion of cancellation {unknown}
 z - a potion of degeneration {unknown}


   Skills:
 + Level 7.6 Fighting
 * Level 10.1 Axes
 + Level 5.5 Ranged Weapons
 - Level 2.4 Armour
 - Level 2.1 Dodging
 + Level 0.1 Evocations


You had 7 spell levels left.
You didn't know any spells.
Your spell library was empty.

Dungeon Overview and Level Annotations

Branches:
Dungeon (6/15)             Temple (0/1) D:6

Altars:
Makhleb
Uskayaw


Innate Abilities, Weirdness & Mutations

You have a pair of horns on your head.
You reflexively headbutt those who attack you in melee.


Message History

The vampire draws strength from your injuries!
You hit the vampire but do no damage.
The vampire points at you and mumbles some strange words.
You resist with some effort. The vampire barely misses you.
The vampire bites you but does no damage.
Unknown command.
You barely miss the vampire.
You headbutt the vampire, but do no damage.
The vampire hits you.
The vampire bites you but does no damage.
You hit the vampire but do no damage.
The vampire gestures at you while chanting.
You resist with some effort. The vampire hits you!
The vampire completely misses you.
You barely miss the vampire. The vampire hits you!
* * * LOW HITPOINT WARNING * * *
The vampire bites you but does no damage.
Unknown command.
You feel better.
The vampire barely misses you. x2; The vampire hits you.
The vampire barely misses you.
Your skin crawls.
You feel strong-willed. The vampire hits you.
* * * LOW HITPOINT WARNING * * *
The vampire bites you.
* * * LOW HITPOINT WARNING * * *
The vampire draws strength from your injuries!
You closely miss the vampire.
The vampire hits you but does no damage.
The vampire barely misses you. x3
You closely miss the vampire. You headbutt the vampire.
The vampire barely misses you. You furiously retaliate!
You headbutt the vampire! The vampire completely misses you.
You barely miss the vampire. The vampire draws life force from you!
* * * LOW HITPOINT WARNING * * *
The vampire is healed by the life force!
The vampire hits you but does no damage.
The vampire bites you.
* * * LOW HITPOINT WARNING * * *
The vampire draws strength from your injuries!
You closely miss the vampire. The vampire hits you!
* * * LOW HITPOINT WARNING * * *
The vampire bites you!
* * * LOW HITPOINT WARNING * * *
The vampire draws strength from your injuries!
You barely miss the vampire.
The vampire hits you but does no damage.
The vampire bites you but does no damage.
The vampire hits you!
You die...

.# ### .# #.. #.# #..
##.#########.. #
#........))... #.
#.###....).... ##..
#.#...###..###
##....#####...###...##
......V@.....####.###
#########.........#
#...# #[....#####
#...####..##.#
#...#.....##.# #
#............# ##### #
#.....#.###### ##...#
# #...###.# #..#.### #
#...##..# #####.##.#..


You could see a vampire (invisible).

Vanquished Creatures
  Grinder (D:6)
  Eustachio (D:6)
  A black bear (D:5)
  An ogre (D:6)
  2 phantoms (D:4)
  2 necrophages (D:4)
  A bullfrog (D:5)
  A scorpion (D:5)
  A howler monkey (D:6)
  3 hounds (D:4)
  3 jellies
  4 orc priests
  Ijyb (D:4)
  Natasha (twice) (D:4)
  3 orc wizards
  3 gnolls (D:6)
  8 adders
  2 ufetubi
  A worm (D:1)
  3 dart slugs
  22 orcs
  6 bats
  5 endoplasms
  7 giant cockroaches
  10 goblins
  5 hobgoblins
  13 jackals
  3 kobolds
  2 quokkas (D:3)
  9 ball pythons
  4 frilled lizards
  6 rats (D:1)
136 creatures vanquished.

Notes
Turn   | Place    | Note
-------+----------+-------------------------------------------
     0 | D:1      | Pooter the Minotaur Berserker began the quest for the Orb.
     0 | D:1      | Reached XP level 1. HP: 19/19 MP: 0/0
     0 | D:1      | Noticed a jelly
     1 | D:1      | Found a runed translucent door.
    86 | D:1      | Reached skill level 4 in Axes
    95 | D:1      | Reached XP level 2. HP: 27/27 MP: 1/1
   661 | D:2      | Reached ** piety under Trog
   663 | D:2      | Reached XP level 3. HP: 31/33 MP: 2/2
   840 | D:2      | Reached skill level 5 in Axes
  1308 | D:3      | Reached skill level 1 in Ranged Weapons
  1308 | D:3      | Reached XP level 4. HP: 41/41 MP: 3/3
  1438 | D:3      | Reached XP level 5. HP: 41/47 MP: 4/4
  1445 | D:3      | Reached skill level 6 in Axes
  1703 | D:3      | Reached skill level 5 in Fighting
  1950 | D:1      | Reached XP level 6. HP: 56/56 MP: 5/5
  2223 | D:4      | Reached skill level 7 in Axes
  2314 | D:4      | Found a hide-covered altar of Uskayaw.
  2357 | D:4      | Reached XP level 7. HP: 62/62 MP: 6/6
  2623 | D:4      | Found a burning altar of Makhleb.
  2744 | D:4      | Noticed Ijyb
  2749 | D:4      | Killed Ijyb
  2751 | D:4      | Reached *** piety under Trog
  2755 | D:4      | Reached skill level 8 in Axes
  2760 | D:4      | Noticed Natasha
  2767 | D:4      | Killed Natasha
  2976 | D:4      | Noticed Natasha
  2985 | D:4      | Killed Natasha
  3114 | D:5      | Entered Level 5 of the Dungeon
  3436 | D:5      | Reached XP level 8. HP: 71/71 MP: 7/7
  3807 | D:5      | Reached skill level 9 in Axes
  3961 | D:6      | Noticed Grinder
  3976 | D:6      | Killed Grinder
  3977 | D:6      | Reached skill level 5 in Ranged Weapons
  4078 | D:6      | Found a staircase to the Ecumenical Temple.
  4179 | D:6      | Noticed Eustachio
  4186 | D:6      | Killed Eustachio
  4187 | D:6      | Reached skill level 10 in Axes
  4461 | D:6      | Slain by a vampire

Illustrated notes

Levels and vault maps discovered:
D:1:      dpeg_arrival_caged_fury, layout_loops_cross
D:2:      layout_loops_cross, dk_noncrumbling_2
D:3:      layout_basic
D:4:      layout_basic, lemuel_coloured_pillars_altar,
          nicolae_overflow_crystal_walls, uniq_ijyb, uniq_natasha
D:5:      layout_loops_ring
D:6:      layout_rooms, minmay_temple_entry_antechambers, grunt_ministairs_6,
          uniq_eustachio, uniq_grinder

Skill      XL: |  1  2  3  4  5  6  7  8 |
---------------+-------------------------+-----
Axes           | 4 5 6 7 8 10 | 10.1
Fighting       | 4 5 6 7 |  7.6
Ranged Weapons | 1 2 3 4 5 |  5.5
Armour         | |  2.4
Dodging        | |  2.1
Evocations     | |  0.1

Action                   |  1- 3 |  4- 6 |  7- 9 || total
-------------------------+-------+-------+-------++-------
Melee: Hand axe          |    62 |    91 |    28 ||   181
       Headbutt          |     9 |    10 |    17 ||    36
       Punch             |     1 |       |     2 ||     3
       War axe           |       |       |    74 ||    74
 Fire: Sling             |     9 |    24 |    24 ||    57
Invok: Trog's Hand       |     1 |     5 |     2 ||     8
       Berserk           |     1 |     4 |     2 ||     7
Evoke: Wand              |       |       |     4 ||     4
  Use: Scroll            |       |     2 |     5 ||     7
       Potion            |       |       |     1 ||     1
Armor: Animal skin       |     9 |       |       ||     9
       Ring mail         |    14 |       |       ||    14
       Chain mail        |       |    82 |    58 ||   140
Dodge: Dodged            |    42 |    65 |    58 ||   165

Table legend: (Time is in decaauts)
 A = Elapsed time spent in this place.
 B = Non-inter-level travel time spent in this place.
 C = Inter-level travel time spent in this place.
 D = Time resting spent in this place.
 E = Time spent auto-exploring this place.
 F = Levels seen in this place.
 G = Mean time per level.
                   A        B        C        D        E       F      G
               +--------+--------+--------+--------+--------+-----+--------+
         Total |   4537 |   4400 |    137 |    490 |   3091 |   6 |  756.2 |
       Dungeon |   4537 |   4400 |    137 |    490 |   3091 |   6 |  756.2 |
               +--------+--------+--------+--------+--------+-----+--------+

Top non-repeatable levels by time:
     D:4: 1015 daAuts
     D:1: 829 daAuts
     D:3: 766 daAuts
     D:5: 711 daAuts
     D:6: 643 daAuts
     D:2: 570 daAuts
